 Dungeon Crawl Stone Soup version 0.22-a0-482-g76e0a5f (webtiles) character file.

4040 George the Carver (level 10, -2/129 HPs)
             Began as a Minotaur Fighter on June 17, 2018.
             Was an Elder of Okawaru.
             Killed by mirror damage (12 damage)
             ... on level 8 of the Dungeon.
             The game lasted 00:08:59 (6352 turns).

George the Carver (Minotaur Fighter)                Turns: 6352, Time: 00:09:00

Health: -2/129     AC: 28    Str: 28    XL:     10   Next: 4%
Magic:  10/12      EV:  2    Int: 10    God:    Okawaru [****..]
Gold:   393        SH: 15    Dex: 11    Spells: 9/9 levels left

rFire    . . .     SeeInvis +   G - +2 falchion (slice)
rCold    . . .     Gourm    .   o - +2 shield {AC+3}
rNeg     + + +     Faith    .   (armour currently unavailable)
rPois    +         Spirit   .   (helmet currently unavailable)
rElec    .         Reflect  .   (cloak currently unavailable)
rCorr    .         Harm     .   (gloves currently unavailable)
MR       .....     NoTele   +   (boots currently unavailable)
Stlth    ++++......             (no amulet)
HPRegen  0.31/turn              p - ring of see invisible
MPRegen  0.13/turn              A - ring of stealth

@: mighty, brilliant, tree-form, heroism
A: (retaliatory headbutt)
a: Heroism, Renounce Religion


You were on level 8 of the Dungeon.
You worshipped Okawaru.
Okawaru was greatly pleased with you.
You were hungry.
You were a tree.
You visited 2 branches of the dungeon, and saw 9 of its levels.

You collected 393 gold pieces.

Inventory:

Hand Weapons
 G - a +2 falchion of slicing (weapon)
Missiles
 L - 7 javelins of penetration (quivered)
Armour
 j - a +0 pair of boots (melded)
 o - a +2 shield of protection (worn)
 C - a +0 pair of gloves (melded)
 D - the +4 scale mail "Etryenn" (melded) {Regen+}
   (You found it on level 4 of the Dungeon)

   It increases your rate of regeneration.
Jewellery
 p - a ring of see invisible (left branch)
 A - a ring of stealth (right branch)
 H - an uncursed ring of positive energy {unknown}
Wands
 s - a wand of scattershot (6)
 w - a wand of iceblast (18)
 F - a wand of paralysis (10)
 I - a wand of digging (16)
Scrolls
 a - 2 scrolls of blinking {unknown}
 b - 3 scrolls of enchant armour
 c - 4 scrolls of remove curse
 e - a scroll of enchant weapon {unknown}
 g - a scroll of fog {unknown}
 h - 2 scrolls of immolation {unknown}
 i - 11 scrolls of identify {unknown}
 q - 3 scrolls of fear {unknown}
 r - 3 scrolls of teleportation {unknown}
 u - 2 scrolls of magic mapping {unknown}
 x - a scroll of random uselessness {unknown}
 y - a scroll of noise {unknown}
 B - 3 scrolls of amnesia {unknown}
Potions
 d - a potion of might
 k - a potion of berserk rage {unknown}
 l - 2 potions of brilliance
 m - a potion of invisibility {unknown}
 n - a potion of mutation {unknown}
 t - a potion of heal wounds {unknown}
 z - 2 potions of lignification
 E - a potion of magic {unknown}
 K - a potion of agility {unknown}
Miscellaneous
 M - a phial of floods
Comestibles
 f - 31 rations


   Skills:
 + Level 7.3(12.3) Fighting
 + Level 10.2(15.2) Long Blades
 + Level 7.4(12.4) Armour
 + Level 5.5(10.5) Dodging
 + Level 7.2(12.2) Shields
 + Level 5.1 Invocations


You had 9 spell levels left.
You didn't know any spells.
Your spell library contained the following spells:

 Spells                   Type           Power        Failure   Level  Hunger
 Summon Demon             Summ           #.........   75%         5    ######.
 Dispersal                Tloc           #.........   99%         6    #######
 Summon Mana Viper        Hex/Summ       #.......     75%         5    ######.
 Gell's Gravitas          Tloc           #.........   17%         3    ####...


Dungeon Overview and Level Annotations

Branches:
Dungeon (8/15)             Temple (1/1) D:4
   Lair: D:8-11

Altars:
Ashenzari
Cheibriados
Dithmenos
Elyvilon
Fedhas
Gozag
Hepliaklqana
Kikubaaqudgha
Makhleb
Nemelex Xobeh
Okawaru
Qazlal
Ru
Trog
Uskayaw
Vehumet
Wu Jian
Xom
Yredelemnul
Zin

Shops:
D:7 [


Innate Abilities, Weirdness & Mutations

((You reflexively headbutt those who attack you in melee.))
((You have a pair of horns on your head.))


Message History

The death knight is moderately wounded.
The death knight reflects your damage back at you!
* * * LOW HITPOINT WARNING * * *
You slash the death knight! Your headbutt misses the death knight.
The death knight is severely wounded.
The death knight reflects your damage back at you!
* * * LOW HITPOINT WARNING * * *
It was a potion of brilliance.
You feel clever all of a sudden. You block the death knight's attack.
It was a potion of lignification.
You turn into a tree.
Your +0 pair of gloves melds into your body.
Your +0 pair of boots melds into your body.
The +4 scale mail "Etryenn" {Regen+} melds into your body.
Your roots penetrate the ground.
You block the death knight's attack.
Okay, then.
You slice the death knight!!
The death knight is almost dead.
The death knight reflects your damage back at you!
You die...

.....#...........##
##>#####
#....######....#.#
#.#
h................#
#.#
###.##...###.#####
#.# ###.##..####+##
#.#
...h...####...##
#.#
###.######.....##
#. ##..#
##.......##
#...####.......p♣#
....÷..').....####
....####......#
#..(.####.....#
......# ##....#
#....## ##...#
#.#.## ##+... #.###
.###. ..# .


You could see a death knight.

Vanquished Creatures
  A manticore (D:8)
  A hippogriff (D:8)
  A wraith (D:8)
  A human (D:7)
  4 hogs (D:7)
  A hungry ghost (D:8)
  Menkaure (D:6)
  2 ice beasts
  An orc warrior (D:8)
  2 sky beasts (D:5)
  2 ogres
  3 centaurs
  3 bullfrogs
  3 scorpions
  2 howler monkeys
  3 crimson imps
  4 bullfrog skeletons
  A quasit (D:7)
  3 jellies
  6 orc priests
  4 centaur skeletons
  3 iguanas
  An orc wizard (D:8)
  6 worker ants
  A hound zombie (D:6)
  3 gnolls (D:3)
  8 adders
  2 shadow imps (D:7)
  An ooze (D:6)
  An adder zombie (D:5)
  3 worms
  2 dart slugs (D:1)
  7 leopard geckos
  26 orcs
  3 ball pythons
  4 giant cockroaches
  10 goblins
  6 hobgoblins
  8 jackals
  14 kobolds
  3 quokkas
  6 bats
  A frilled lizard (D:3)
  A jackal zombie (D:5)
  A leopard gecko skeleton (D:8)
  A quokka zombie (D:6)
  14 rats
185 creatures vanquished.

Notes
Turn   | Place    | Note
-------+----------+-------------------------------------------
     0 | D:1      | George the Minotaur Fighter began the quest for the Orb.
     0 | D:1      | Reached XP level 1. HP: 19/19 MP: 0/0
    42 | D:1      | Reached skill level 3 in Long Blades
   225 | D:1      | Reached XP level 2. HP: 20/26 MP: 1/1
   399 | D:1      | Reached skill level 4 in Long Blades
   599 | D:1      | Reached XP level 3. HP: 18/31 MP: 2/2
  1387 | D:2      | Reached skill level 5 in Long Blades
  1750 | D:3      | Reached XP level 4. HP: 39/39 MP: 3/3
  1824 | D:3      | Reached skill level 6 in Long Blades
  2242 | D:3      | Reached XP level 5. HP: 22/45 MP: 4/4
  2913 | D:4      | Reached skill level 7 in Long Blades
  2938 | D:4      | HP: 2/45 [orc priest/divine providence (9)]
  3391 | D:4      | Reached XP level 6. HP: 51/51 MP: 5/5
  3459 | D:4      | Got a transparent scale mail
  3470 | D:4      | Identified the +4 scale mail "Etryenn" {Regen+} (You found it on level 4 of the Dungeon)
  3496 | D:4      | Reached skill level 8 in Long Blades
  3714 | D:4      | Found a staircase to the Ecumenical Temple.
  3725 | Temple   | Entered the Ecumenical Temple
  3786 | Temple   | Became a worshipper of Warmaster Okawaru
  3816 | D:5      | Entered Level 5 of the Dungeon
  3816 | D:5      | Noticed a sky beast
  3829 | D:5      | Killed a sky beast
  3880 | D:5      | Reached skill level 1 in Dodging
  3896 | D:5      | Reached * piety under Okawaru
  3896 | D:5      | Reached skill level 1 in Invocations
  3896 | D:5      | Reached XP level 7. HP: 21/59 MP: 6/6
  4530 | D:6      | Reached XP level 8. HP: 56/67 MP: 8/8
  4592 | D:6      | Reached ** piety under Okawaru
  4638 | D:6      | Reached skill level 5 in Fighting
  4638 | D:6      | Reached skill level 5 in Armour
  4654 | D:6      | Reached skill level 5 in Shields
  4668 | D:6      | Reached skill level 9 in Long Blades
  4821 | D:6      | Noticed Menkaure
  4829 | D:6      | Killed Menkaure
  4996 | D:6      | Found a white marble altar of Elyvilon.
  5300 | D:7      | Found Xugior's Antique Armour Emporium.
  5450 | D:7      | Found a shimmering altar of Xom.
  5451 | D:7      | Found a hazy altar of Hepliaklqana.
  5452 | D:7      | Noticed a spectral ugly thing
  5607 | D:7      | Reached *** piety under Okawaru
  5624 | D:7      | Reached XP level 9. HP: 68/75 MP: 10/10
  5790 | D:7      | Found an ornate altar of the Wu Jian Council.
  5801 | D:7      | Identified the Catalogue of the Voyage and Companions
  6009 | D:8      | Received a gift from Okawaru
  6027 | D:8      | Reached skill level 5 in Dodging
  6042 | D:8      | Reached skill level 10 in Long Blades
  6086 | D:8      | Noticed a manticore
  6107 | D:8      | Killed a manticore
  6107 | D:8      | Reached **** piety under Okawaru
  6107 | D:8      | Reached skill level 5 in Invocations
  6304 | D:8      | Noticed a death knight
  6309 | D:8      | Reached XP level 10. HP: 86/86 MP: 12/12
  6352 | D:8      | Killed by mirror damage

Vault maps used:
D:1:      dpeg_chamrin_arrival_tetris, minivault_14, chequers_big_river
D:2:      minmay_randomly_rotated_circles
D:3:      minmay_misc_feat_columns
D:4:      temple_hall
D:5:      cheibrodos_helix_gallery, first_ration
D:6:      elyvilon_altar_3, uniq_menkaure
D:7:      regret_index_temple_of_mockery, lemuel_round_altar, serial_shops,
          kennysheep_mini, grunt_livestock
D:8:      minmay_cut_squares, nicolae_overflow_crystal_walls
Temple:   nicolae_temple_x_marks_the_god

Skill      XL: |  1  2  3  4  5  6  7  8  9 |
---------------+----------------------------+-----
Long Blades    | 3 4 5 6 7 8 9 10 | 10.2
Dodging        | 1 2 4 5 |  5.5
Fighting       | 4 6 7 |  7.3
Armour         | 4 6 7 |  7.4
Shields        | 4 5 7 |  7.2
Invocations    | 1 2 3 5 |  5.1

Action                   |  1- 3 |  4- 6 |  7- 9 | 10-12 || total
-------------------------+-------+-------+-------+-------++-------
Melee: Long sword        |   130 |   162 |   152 |       ||   444
       Headbutt          |    17 |    38 |    76 |     5 ||   136
       Falchion          |       |       |   146 |    13 ||   159
Invok: Heroism           |       |       |     1 |     2 ||     3
  Use: Potion            |       |     1 |     1 |     4 ||     6
       Scroll            |       |       |       |     2 ||     2
  Eat: Chunk             |     3 |     6 |     9 |       ||    18
Armor: Scale mail        |    76 |    59 |   109 |     3 ||   247
Dodge: Dodged            |    48 |    37 |   106 |     1 ||   192
Block: Shield            |    65 |    66 |   157 |     6 ||   294
       Rpst.: Long sword |    13 |    12 |    20 |       ||    45
       Falchion          |       |       |    12 |       ||    12

Table legend:
 A = Spawn XP
 B = Non-spawn XP
 C = Spawn XP percentage of total XP
 D = Spawn monster count
 E = Non-spawn monster count
 F = Spawn count percentage of total count
 G = Total turns spent on level
                    A         B        C        D         E        F      G
               +---------+---------+-------+---------+---------+-------+---------
         Total |       0 |    5772 |   0.0 |       0 |     185 |   0.0 |  6352
               +---------+---------+-------+---------+---------+-------+---------
           D:1 |       0 |      56 |   0.0 |       0 |      30 |   0.0 |  1158
           D:2 |       0 |      34 |   0.0 |       0 |      12 |   0.0 |   545
           D:3 |       0 |     149 |   0.0 |       0 |      40 |   0.0 |  1110
           D:4 |       0 |     235 |   0.0 |       0 |      14 |   0.0 |   937
           D:5 |       0 |     911 |   0.0 |       0 |      16 |   0.0 |   785
           D:6 |       0 |    1011 |   0.0 |       0 |      28 |   0.0 |   670
           D:7 |       0 |    1440 |   0.0 |       0 |      22 |   0.0 |   710
           D:8 |       0 |    1936 |   0.0 |       0 |      23 |   0.0 |   371
               +---------+---------+-------+---------+---------+-------+---------
